 Dungeon Crawl Stone Soup version 0.16-a0-3029-g57b17b4 (webtiles) character file.

89 Ololoev the Chopper (level 4, -11/23 HPs)
             Began as a Vine Stalker Gladiator on Dec 8, 2014.
             Killed by divine providence
             ... invoked by an orc priest
              (13 damage)
             ... on level 4 of the Dungeon.
             The game lasted 00:04:42 (430 turns).

Ololoev the Chopper (Vine Stalker Gladiator)         Turns: 430, Time: 00:04:42

Health: -11/23     AC:  6    Str: 19    XL:     4   Next: 55%
Magic:  0/5        EV: 11    Int:  8    God:
Gold:   83         SH:  0    Dex: 14    Spells: 0 memorised, 3 levels left

rFire  . . .     SeeInvis .     a - +0 war axe
rCold  . . .     Clarity  .     l - +0 ring mail
rNeg   . . .     SustAb   .     (no shield)
rPois  .         Gourm    .     c - +0 helmet
rElec  .         Spirit   +     (no cloak)
rCorr  .         Warding  .     (no gloves)
rMut   .         Stasis   .     (no boots)
MR     .....                    (no amulet)
Stlth  +.........               (no ring)
                                (no ring)

@: not resistant to hostile enchantments, very unstealthy
A: fangs 2, regeneration 1, magic shield, antimagic bite, no device heal 3, rot
immunity
a: no special abilities


You were on level 4 of the Dungeon.
You were not hungry.

You visited 1 branch of the dungeon, and saw 4 of its levels.

You collected 83 gold pieces.

Notes
Turn   | Place    | Note
--------------------------------------------------------------
     0 | D:1      | Ololoev, the Vine Stalker Gladiator, began the quest for the Orb.
     0 | D:1      | Reached XP level 1. HP: 11/11 MP: 1/1
    85 | D:1      | Reached skill level 3 in Axes
   154 | D:1      | Reached XP level 2. HP: 15/15 MP: 3/3
   287 | D:3      | Noticed Jessica
   293 | D:3      | Killed Jessica
   293 | D:3      | Reached skill level 4 in Axes
   293 | D:3      | Reached XP level 3. HP: 18/18 MP: 4/4
   348 | D:3      | Reached XP level 4. HP: 16/23 MP: 5/5
   429 | D:4      | HP: 1/23 [orc/flail (3)]
   430 | D:4      | Killed from afar by an orc priest

Inventory:

Hand weapons
 a - a +0 war axe (weapon)
Missiles
 d - 3 throwing nets (quivered)
Armour
 c - a +0 helmet (worn)
 l - a +0 ring mail (worn)
Jewellery
 q - an uncursed ring of teleportation
Scrolls
 e - a scroll of remove curse
 g - 2 scrolls of enchant weapon
 j - a scroll of recharging
 m - a scroll of teleportation {unknown}
Potions
 b - a potion of curing {unknown}
 n - a potion of poison {unknown}
 o - a potion of haste {unknown}
 p - a potion of berserk rage {unknown}
Comestibles
 f - 4 bread rations
 k - 2 slices of pizza
 r - a chunk of flesh

Table legend:
 A = Turns spent in this place as a percentage of turns spent in the entire game.
 B = Non-inter-level travel turns spent in this place as a percentage of non-inter-level travel turns spent in the entire game.
 C = Inter-level travel turns spent in this place as a percentage of turns spent in this place.
 D = Turns resting spent in this place as a percentage of non-inter-level travel turns spent in this place.
 E = Turns spent auto-exploring this place as a percentage of non-inter-level travel turns spent in this place.
 F = Non-inter-level travel turns spent in this place divided by the number of levels of this place that you've seen.
                   A       B       C       D       E      F
               +-------+-------+-------+-------+-------+----------------------
         Total | 100.0 | 100.0 |   0.0 |   0.5 |   0.0 | 100.2
       Dungeon | 100.0 | 100.0 |   0.0 |   0.5 |   0.0 | 100.2
               +-------+-------+-------+-------+-------+----------------------


   Skills:
 - Level 1.7 Fighting
 + Level 4.7 Axes
 - Level 1.7 Throwing
 - Level 2.4 Dodging


You had 3 spell levels left.
You didn't know any spells.

Dungeon Overview and Level Annotations

Branches:
Dungeon (4/15)
 Temple: D:4-7

Altars:


Innate Abilities, Weirdness & Mutations

You have extremely sharp teeth.
Your natural rate of healing is unusually fast.
When hurt, damage is shared between your health and your magic reserves.
Your bite disrupts and absorbs the magic of your enemies.
Potions and wands cannot restore your health.
You are immune to rotting.


Message History

You hit the orc wizard.
The orc wizard is moderately wounded.
The orc throws a tomahawk.
The tomahawk hits you.
The orc priest's eyes start to glow.
The orc wizard gestures at you while chanting.
The magic dart hits you!
You slash the orc wizard!
You kill the orc wizard!
The orc throws a tomahawk.
The tomahawk hits you.
The orc throws a tomahawk.
The tomahawk completely misses you. The orc priest barely misses you.
The adder barely misses you.
You hit the orc priest.
You bite the orc priest, but do no damage.
The orc priest is lightly wounded.
You hit the adder.
The adder is heavily wounded.
The orc throws a tomahawk.
The tomahawk hits you but does no damage.
The orc priest hits you but does no damage.
The adder bites you. The orc priest barely misses you.
You hit the orc priest but do no damage.
Your bite misses the orc priest.
The orc priest is lightly wounded.
You hit the orc.
The orc is severely wounded.
You miss the adder.
The adder is heavily wounded.
The adder bites you but does no damage. The orc hits you with a flail.
The adder bites you but does no damage. The orc priest barely misses you.
You hit the orc priest.
The orc priest is moderately wounded.
You closely miss the adder.
The adder is heavily wounded.
You hit the orc.
You kill the orc!
The adder barely misses you.
The orc priest mumbles some strange prayers to Beogh against you.
Something smites you!
Ouch! That really hurt!
You die...

#................
..
#................
#................
#................
#.............#...
#####.............
####.....#.......
#........()........
........)@.#+#...
........ooS#
.............
..............
...............
.............
...........
......#.. ...


You could see an orc priest, an adder and an orc.

Table legend:
 A = Kills in this place as a percentage of kills in entire the game.
 B = Kills by you in this place as a percentage of kills by you in the entire game.
 C = Kills by friends in this place as a percentage of kills by friends in the entire game.
 D = Other kills in this place as a percentage of other kills in the entire game.
 E = Experience gained in this place as a percentage of experience gained in the entire game.
 F = Experience gained in this place divided by the number of levels of this place that you have seen.
                   A       B       C       D       E      F
               +-------+-------+-------+-------+-------+----------------------
         Total | 100.0 | 100.0 |  -nan |  -nan | 100.0 |  32.0
       Dungeon | 100.0 | 100.0 |  -nan |  -nan | 100.0 |  32.0
               +-------+-------+-------+-------+-------+----------------------

Vanquished Creatures
  An orc wizard (D:4)
  Jessica (D:3)
  2 adders (D:3)
  A worm (D:2)
  A giant gecko (D:2)
  2 orcs
  4 hobgoblins
  5 bats
  3 goblins
  A kobold (D:2)
  A rat (D:2)
22 creatures vanquished.

Action                   |  1- 3 |  4- 6 || total
-------------------------+-------+-------++-------
Melee: War axe           |    46 |    10 ||    56
  Use: Scroll            |       |     4 ||     4

Vault maps used:
D:1:      dpeg_arrival_lava_altar
D:2:      nicolae_underground_beach, uniq_sigmund
D:3:      gammafunk_temple_overflow_statue, hex_large, serial_bayou_pond_e,
          nicolae_qazlal_eye_of_the_storm, uniq_iyjb, uniq_jessica
D:4:      black_bear_nest_2, minmay_temple_entry_statues, first_bread,
          uniq_duvessa
